 Dungeon Crawl Stone Soup version 0.30.1-4-g462c640d31 (webtiles) character file.

Game seed: 8922469191867973439

237568 GeoRichter the Scorcher (level 18, -30/138 HPs)
             Began as a Demonspawn Ice Elementalist on Aug 9, 2023.
             Was an Elder of Sif Muna.
             Killed from afar by a deep elf zephyrmancer (42 damage)
             ... with a bolt of lightning
             ... on level 1 of the Elven Halls on Aug 11, 2023.
             The game lasted 01:56:59 (41723 turns).

GeoRichter the Scorcher (DsIE)                     Turns: 41723, Time: 01:57:00

Health: -30/138    AC: 13    Str:  8 (10) XL:     18   Next: 53%
Magic:  22/34      EV: 14    Int: 26 (27) God:    Sif Muna [****..]
Gold:   1993       SH:  4    Dex: 11 (13) Spells: 7/41 levels left

rFire   + + .        d - staff of fire
rCold   + . .        y - +0 buckler
rNeg    + . .        U - +1 robe of the Glamorous Tick {rF+ Int+3 Archmagi}
rPois   .            (helmet restricted)
rElec   .            G - +2 cloak {rCorr}
rCorr   +            x - +0 pair of gloves
SInv    .            X - +2 pair of boots {rampage}
Will    ++...        R - amulet of magic regeneration
Stlth   ++           T - ring of protection from cold
HPRegen 0.43/turn    q - ring of Kohac {rN+ Will+}
MPRegen 0.64/turn

%: rampage, archmagi
@: studying Ice Magic
A: horns 2, slimy green scales 2, demonic guardian 3, spiny 2
}: 2/15 runes: decaying, gossamer
a: Renounce Religion, Channel Magic, Forget Spell, Divine Exegesis


You were on level 1 of the Elven Halls.
You worshipped Sif Muna.
Sif Muna was greatly pleased with you.
You visited 7 branches of the dungeon, and saw 32 of its levels.
You also visited: Ice Cave.

You collected 3242 gold pieces.
You spent 1249 gold pieces at shops.

Inventory:

Missiles
 o - 16 curare-tipped darts {!f}
 L - 2 throwing nets {!f}
Armour
 w - an orb of guile
   (You found it on level 4 of the Spider Nest)
 x - a +0 pair of gloves (worn)
   (You found it on level 4 of the Dungeon)
 y - a +0 buckler (worn)
   (You took it off a tengu warrior on level 15 of the Dungeon)
 F - a scarf of resistance
   (You found it on level 4 of the Spider Nest)
 G - a +2 cloak of preservation (worn)
   (You found it on level 2 of the Lair of Beasts)
 K - +0 pearl dragon scales
   (You found it on level 9 of the Dungeon)
 N - the +4 skin of Zhor {*Englaciate rC+++ SInv}
   (You found it in an ice cave)

   *Englaciate: It radiates cold, occasionally slowing all nearby creatures who
   are not resistant to cold.
   rC:        It renders you almost immune to cold.
   SInv:      It lets you see invisible.
 U - the +1 robe of the Glamorous Tick (worn) {rF+ Int+3 Archmagi}
   (You found it on level 11 of the Dungeon)

   Int:       It affects your intelligence (+3).
   rF:        It protects you from fire.
   Archmagi:  It increases the power of your magical spells.
 X - a +2 pair of boots of rampaging (worn)
   (You found it on level 1 of the Lair of Beasts)
Magical Staves
 a - a staff of cold
   (You took it off Fannar on level 11 of the Dungeon)
 d - a staff of fire (weapon)
   (You found it on level 9 of the Dungeon)
Jewellery
 p - a ring of wizardry
   (You found it on level 2 of the Swamp)
 q - the ring of Kohac (right hand) {rN+ Will+}
   (You found it in an ice cave)

   [ring of positive energy]

   rN:        It protects you from negative energy.
   Will:      It increases your willpower.
 A - a ring of willpower
   (You took it off an orc on level 4 of the Dungeon)
 J - a ring of poison resistance
   (You took it off an orc on level 12 of the Dungeon)
 O - a ring of protection from fire
   (You found it on level 9 of the Dungeon)
 R - an amulet of magic regeneration (around neck)
   (You found it on level 10 of the Dungeon)
 T - a ring of protection from cold (left hand)
   (You found it on level 11 of the Dungeon)
Wands
 c - a wand of flame (33)
   (You found it on level 5 of the Dungeon)
 n - a wand of quicksilver (1)
   (You took it off Jessica on level 3 of the Dungeon)
 r - a wand of digging (3)
   (You found it on level 4 of the Lair of Beasts)
 u - a wand of polymorph (11)
   (You took it off Grinder on level 3 of the Dungeon)
 E - a wand of paralysis (29)
   (You found it on level 5 of the Dungeon)
 S - a wand of iceblast (25)
   (You found it on level 5 of the Dungeon)
Scrolls
 b - 12 scrolls of identify {@r1}
 f - 7 scrolls of teleportation {@r4}
 g - a scroll of immolation {!r}
 h - 5 scrolls of amnesia
 j - 5 scrolls of poison {!r}
 m - 5 scrolls of fog
 z - 6 scrolls of noise {!r}
 D - 2 scrolls of enchant weapon
 H - 4 scrolls of torment {!r}
 I - 5 scrolls of brand weapon
 M - 3 scrolls of magic mapping
 V - 4 scrolls of enchant armour
 Y - a scroll of summoning
Potions
 e - 3 potions of curing {@q1}
 i - 5 potions of lignification {!q}
 k - 4 potions of attraction {!q}
 l - 5 potions of flight
 s - 6 potions of brilliance
 v - 3 potions of cancellation
 B - 4 potions of haste {@q3}
 C - 2 potions of mutation {!q}
 Q - 3 potions of magic
 W - 4 potions of might
 Z - 15 potions of ambrosia
Miscellaneous
 t - a box of beasts
   (You found it on level 4 of the Lair of Beasts)


   Skills:
 + Level 11.2 Fighting
 - Level 8.4 Dodging
 - Level 1.7 Stealth
 - Level 4.0 Shields
 + Level 12.2 Spellcasting
 - Level 12.0 Conjurations
 - Level 6.0 Necromancy
 * Level 18.4 Fire Magic
 - Level 11.6 Ice Magic
 - Level 14.0 Invocations
 - Level 3.0 Evocations


You had 7 spell levels left.
You knew the following spells:

 Your Spells              Type           Power      Damage    Failure   Level
a - Freeze                Ice            100%       1d10      1%          1
b - Frozen Ramparts       Ice            100%       1d16      1%          3
c - Ozocubu's Armour      Ice            85%        N/A       1%          3
d - Freezing Cloud        Conj/Ice/Air   35%        6-21      6%          5
e - Fireball              Conj/Fire      59%        3d23      1%          5
f - Animate Dead          Necr           63%        N/A       4%          4
g - Ignition              Fire           64%        3d17      19%         8
h - Iskenderun's Battles  Conj           87%        2d13      1%          5

Your spell library contained the following spells:

 Spells                   Type           Power      Damage    Failure   Level
 Foxfire                  Conj/Fire      100%       2x1d9     0%          1
 Scorch                   Fire           100%       2d9       0%          2
 Kiss of Death            Conj/Necr      100%       2d13      1%          1
 Magic Dart               Conj           100%       1d8       1%          1
 Necrotise                Necr           100%       1d9       1%          1
 Shock                    Conj/Air       100%       1d9       1%          1
 Momentum Strike          Conj/Tloc      100%       3d10      1%          2
 Static Discharge         Conj/Air       100%       2-7/arc   1%          2
 Sublimation of Blood     Necr           63%        N/A       1%          2
 Hailstorm                Conj/Ice       86%        3d17      1%          3
 Ignite Poison            Fire/Tmut/Pois 82%        N/A       1%          3
 Inner Flame              Hex/Fire       97%        N/A       1%          3
 Stone Arrow              Conj/Erth      100%       3d13      1%          3
 Volatile Blastmotes      Fire/Tloc      100%       2d18      1%          3
 Flame Wave               Conj/Fire      100%       2d21      1%          4
 Sticky Flame             Conj/Fire      100%       2d11      1%          4
 Cigotuvi's Dreadful Rot  Necr/Pois/Air  78%        N/A       3%          2
 Mephitic Cloud           Conj/Pois/Air  53%        N/A       3%          3
 Fulminant Prism          Conj/Hex       31%        3d15      4%          4
 Ice Form                 Ice/Tmut       62%        N/A       4%          4
 Iskenderun's Mystic Bla  Conj/Tloc      63%        2d13      4%          4
 Summon Ice Beast         Ice/Summ       62%        N/A       4%          4
 Apportation              Tloc           46%        N/A       5%          1
 Sandblast                Erth           46%        2d11      5%          1
 Summon Small Mammal      Summ           92%        N/A       5%          1
 Blink                    Tloc           46%        N/A       9%          2
 Call Imp                 Summ           46%        N/A       9%          2
 Lesser Beckoning         Tloc           46%        N/A       9%          2
 Passwall                 Tmut/Erth      19%        N/A       9%          2
 Poisonous Vapours        Pois/Air       46%        N/A       9%          2
 Wereblood                Tmut           23%        N/A       9%          2
 Metabolic Englaciation   Hex/Ice        31%        N/A       14%         5
 Anguish                  Hex/Necr       23%        N/A       16%         4
 Call Canine Familiar     Summ           23%        N/A       17%         3
 Gell's Gravitas          Tloc           23%        N/A       17%         3
 Spider Form              Tmut/Pois      23%        N/A       17%         3
 Summon Guardian Golem    Hex/Summ       23%        N/A       17%         3
 Swiftness                Air            23%        N/A       17%         3
 Teleport Other           Tloc           23%        N/A       17%         3
 Vhi's Electric Charge    Tloc/Air       46%        N/A       17%         3
 Plasma Beam              Fire/Air       48%        2x1d69    19%         6
 Simulacrum               Ice/Necr       37%        N/A       22%         6
 Orb of Destruction       Conj           43%        9d12      34%         7
 Ozocubu's Refrigeration  Ice            42%        4d16      36%         7
 Borgnjor's Vile Clutch   Necr/Erth      23%        N/A       41%         5
 Airstrike                Air            11%        2d(2-18)  50%         4
 Manifold Assault         Tloc           23%        N/A       50%         4
 Passage of Golubria      Tloc           23%        N/A       50%         4
 Petrify                  Tmut/Erth      23%        N/A       50%         4
 Conjure Ball Lightning   Conj/Air       31%        3x3d10    58%         6
 Iron Shot                Conj/Erth      31%        9d6       58%         6
 Lee's Rapid Deconstruct  Erth           11%        3d8*      83%         5
 Silence                  Hex/Air        11%        N/A       83%         5
 Summon Mana Viper        Hex/Summ       23%        N/A       83%         5
 Spellforged Servitor     Conj/Summ      31%        N/A       99%         7
 Dispersal                Tloc           11%        N/A       100%        6
 Summon Cactus Giant      Summ           11%        N/A       100%        6
 Monstrous Menagerie      Summ           11%        N/A       100%        7
 Summon Hydra             Summ           11%        N/A       100%        7
 Borgnjor's Revivificati  Necr           31%        N/A       100%        8
 Disjunction              Tloc           11%        N/A       100%        8
 Lehudib's Crystal Spear  Conj/Erth      31%        10d8      100%        8
 Necromutation            Tmut/Necr      23%        N/A       100%        8
 Summon Horrible Things   Summ           11%        N/A       100%        8
 Death's Door             Necr           31%        N/A       100%        9
 Fire Storm               Conj/Fire      59%        8d15      100%        9


Dungeon Overview and Level Annotations

Branches:
Dungeon (15/15) Zot: 24668  Temple (1/1) D:4 Zot: 5981    Lair (5/5) D:11 Zot: 21466
  Swamp (4/4) Lair:2 Zot: 19471  Spider (4/4) Lair:3 Zot: 17101   Slime (0/5) Lair:5
    Orc (2/2) D:12 Zot: 8921     Elf (1/3) Orc:2 Zot: 5466  Vaults (0/5) D:14
 Depths (0/4) D:15          IceCv (visited)

Altars:
Ashenzari
Cheibriados
Dithmenos
Fedhas
Gozag
Hepliaklqana
Kikubaaqudgha
Makhleb
Nemelex Xobeh
Okawaru
Qazlal
Ru
Sif Muna
Trog
Uskayaw
Vehumet
Wu Jian
Xom
Yredelemnul

Shops:
D:3 *   D:6 (   D:7 *   D:8 [   Orc:2 *![?

Annotations:
D:4 4 runed translucent doors, Crazy Yiuf; zxspectator's ghost, amateur GrFi
D:6 3 runed translucent doors, sonasty's ghost, amateur DEFE
Spider:3 2 runed translucent doors, Qyadack's ghost, adept HOFi


Innate Abilities, Weirdness & Mutations

You have a pair of horns on your head.
You are mostly covered in slimy green scales. (AC +3)
A powerful demonic guardian rushes to your aid.
You are mostly covered in sharp spines.


Message History

The deep elf pyromancer shouts!
The deep elf pyromancer is engulfed in freezing vapours.
The deep elf pyromancer points at you and mumbles some strange words.
You hear a sizzling sound!
The deep elf pyromancer is engulfed in freezing vapours.
The deep elf pyromancer gestures at you while chanting.
The bolt of fire hits you but does no damage.
You resist. The heat melts your icy armour.
The deep elf pyromancer is engulfed in freezing vapours.
The deep elf pyromancer gestures at you while chanting.
The bolt of fire hits you. You resist.
* * * LOW HITPOINT WARNING * * *
The heat melts your icy armour.
The deep elf pyromancer is engulfed in freezing vapours.
You kill the deep elf pyromancer!
Sif Muna accepts your kill.
Your icy armour cracks and falls away as you move.
The frozen ramparts melt away as you move.
Things that are here:
a +2 antimagic short sword; a +0 leather armour; a +0 buckler You start resting.
A deep elf pyromancer comes into view. It is wielding a +0 dagger.
A deep elf zephyrmancer comes into view.
It is wielding a +0 long sword.
Casting: Freezing Cloud (dangerous; 6% risk of failure)
Confirm with . or Enter, or press ? or * to list all spells.
Aiming: Freezing Cloud (dangerous; 6% risk of failure)
Press: ? - help, Dir - move target, f - deep elf zephyrmancer
Aim: a deep elf zephyrmancer, wielding a +0 long sword and wearing a +0 leather armour You feel a surge of power!
The deep elf pyromancer shouts!
The deep elf zephyrmancer is engulfed in freezing vapours.
The deep elf zephyrmancer casts a spell at you.
The bolt of lightning hits you!!!
* * * LOW HITPOINT WARNING * * *
A demonic guardian appears!
You hear a shout! x2
Unknown command.
You feel better.
The deep elf zephyrmancer is engulfed in freezing vapours.
Casting: Freezing Cloud (dangerous; 6% risk of failure)
Confirm with . or Enter, or press ? or * to list all spells.
Aiming: Fireball (mildly dangerous; 1% risk of failure)
Press: ? - help, Shift-Dir - straight line, f/p - deep elf zephyrmancer
Aim: a deep elf zephyrmancer, wielding a +0 long sword and wearing a +0 leather armour (freezing vapour, heavily wounded, ally target)
Okay, then.
The deep elf zephyrmancer is engulfed in freezing vapours.
The deep elf zephyrmancer casts a spell at you.
The bolt of lightning hits you!!!
You die...

...#....#...# #.§§°.
..)#....#...# .§§§§
.))#....#...# #§§§#
.).##).##...######§☼§
....)...#.........§e##
.⌠..)...#.⌠...####°§.#
........#.....# #.)2§####'
#################.....§☼e.
#@..)##§#§# #.)....#.#
#......§... #(.....)§§##
##.)...§§§# ##.....#§#
......... .#..###.


You could see a deep elf zephyrmancer (ally target) and a friendly hell beast
(summoned).

Vanquished Creatures
  Nikola (Spider:1)
  Rupert (D:13)
  A lich (IceCv)
  Frances (Spider:1)
  Kirke (D:12)
  An azure jelly (Swamp:4)
  A thorn hunter (Swamp:1)
  Donald (Swamp:2)
  An emperor scorpion (Spider:2)
  6 ghost moths
  A very ugly thing (IceCv)
  An eleionoma (Swamp:1)
  A deep elf annihilator (Elf:1)
  2 spark wasps (Spider:4)
  Azrael (Orc:2)
  3 entropy weavers
  Fannar (D:11)
  A shambling mangrove (Swamp:2)
  A fire dragon (Lair:5)
  Josephine (Orc:2)
  4 vault guards (D:14)
  3 ice dragons (Swamp:4)
  Erolcha (D:13)
  A ghost crab (Swamp:4)
  An ogre mage (D:15)
  15 hydras
  3 radroaches
  2 jorogumos
  4 catoblepae
  2 centaur warriors
  8 two-headed ogres
  6 alligators
  6 boulder beetles
  14 death yaks
  9 orc high priests
  A dancing weapon (Elf:1)
  A tengu warrior (D:14)
  4 skysharks
  Sonja (D:10)
  A deep elf knight (Elf:1)
  3 skeletal warriors (D:14)
  A fire crab (Lair:5)
  4 goliath frogs
  2 sun moths
  5 pharaoh ants
  4 spriggan druids
  10 orb spiders
  7 bog bodies
  A glowing orange brain (D:15)
  4 swamp dragons
  3 orc knights
  6 steelbarb worms
  An obsidian statue (IceCv)
  8 deep elf zephyrmancers (Elf:1)
  A necromancer (IceCv)
  3 orc sorcerers
  7 deep elf pyromancers
  A mana viper (shapeshifter) (D:13)
  2 will-o-the-wisps
  7 ugly things
  11 wolf spiders
  3 cyclopes
  2 manticores (D:15)
  2 ice statues (Spider:4)
  2 moths of wrath (Spider:4)
  7 torpor snails
  5 elephants (Lair:5)
  4 black mambas (Lair:5)
  3 molten gargoyles (Lair:5)
  An unseen horror (D:10)
  2 gargoyles
  6 cane toads
  2 demonic crawlers
  A komodo dragon (shapeshifter) (Elf:1)
  2 kobold demonologists (D:9)
  10 rime drakes
  12 komodo dragons
  2 efreet
  A golden dragon simulacrum (IceCv)
  5 anaconda simulacra (IceCv)
  18 freezing wraiths
  3 meliai (Spider:4)
  A queen bee (Lair:2)
  2 ice devils (IceCv)
  7 trolls
  A human zombie (D:14)
  2 bloated husks (Swamp:2)
  3 polar bears
  10 tyrant leeches
  2 culicivora zombies (Spider:3)
  15 tarantellas
  13 dream sheep
  7 hornets
  A jumping spider zombie (Spider:2)
  A tarantella zombie (Spider:3)
  8 blink frogs
  23 jumping spiders
  15 culicivoras
  11 slime creatures
  A vampire (D:11)
  An air elemental (Elf:1)
  6 wraiths
  22 yaks
  A shadow (D:7)
  6 humans (D:14)
  A spriggan (Swamp:4)
  11 basilisks
  2 dire elephant simulacra (IceCv)
  5 fire elementals
  8 wyverns
  3 hogs (D:12)
  A human (shapeshifter) (D:15)
  27 redbacks
  2 steam dragons
  18 swamp worms
  9 vampire mosquitoes
  A minotaur simulacrum (IceCv)
  3 swamp worm simulacra (Swamp:4)
  5 harpy simulacra (IceCv)
  12 wargs
  An entropy weaver zombie (Spider:1)
  14 hydra simulacra
  13 water moccasins
  2 acid dragons
  2 two-headed ogre zombies (D:15)
  Duvessa (D:4)
  7 hell hounds
  A sky beast (D:7)
  2 ice beasts (D:5)
  2 alligator simulacra (IceCv)
  19 orc warriors
  An ettin simulacrum (IceCv)
  2 black bears (D:6)
  2 elf zombies (Elf:1)
  19 wolves
  A torpor snail zombie (Spider:3)
  4 ogres
  7 centaurs
  6 kobold brigands
  A scorpion (D:5)
  14 bullfrogs
  3 deep troll simulacra (IceCv)
  3 warg zombies (Orc:2)
  3 wights (D:10)
  Dowan (D:4)
  4 lindwurm simulacra (IceCv)
  16 killer bees
  4 electric eels
  8 lava snakes
  A jelly (D:5)
  33 orc priests
  8 hounds
  2 gnoll boudas (D:7)
  A sleepcap (D:5)
  Jessica (D:3)
  3 iguanas
  27 orc wizards
  12 hell rats (Lair:4)
  An ogre zombie (D:15)
  Robin (D:4)
  6 adders
  15 gnolls
  4 shadow imps
  5 swamp drake simulacra (Swamp:4)
  A worm (D:4)
  115 orcs
  8 endoplasms
  3 giant cockroaches
  10 goblins
  12 hobgoblins
  4 quokkas
  10 ball pythons
  5 bats
  2 frilled lizards
  21 kobolds
  21 orc zombies
  7 rats
1068 creatures vanquished.

Vanquished Creatures (collateral kills)
  Bai Suzhen (Swamp:3)
  Jorgrun (Spider:2)
  3 ghost moths
  2 emperor scorpions (Spider:4)
  A very ugly thing (D:15)
  An orc warlord (Orc:2)
  A broodmother (Spider:3)
  2 spark wasps (Spider:4)
  An entropy weaver (Spider:2)
  A caustic shrike simulacrum (IceCv)
  A hydra (D:14)
  A catoblepas (D:13)
  3 centaur warriors
  A two-headed ogre (D:12)
  2 death yaks (Lair:4)
  A dancing weapon (Elf:1)
  A tengu warrior (D:15)
  An orc high priest (Orc:2)
  2 sun moths
  A skeletal warrior (D:14)
  A pharaoh ant (Spider:4)
  3 orb spiders
  2 orc knights
  2 steelbarb worms
  A wolf spider (Spider:4)
  A deep elf pyromancer (D:12)
  An orc sorcerer (D:15)
  A moth of wrath (Spider:4)
  2 manticores
  2 ugly things
  A cyclops (D:15)
  A demonic crawler (Spider:1)
  An elephant (Lair:5)
  A gargoyle (D:10)
  A torpor snail (Spider:3)
  2 rime drakes
  A cane toad (Lair:5)
  A troll (D:13)
  Grinder (D:3)
  5 tarantellas
  A hornet (Spider:4)
  3 slime creatures (D:15)
  7 jumping spiders
  6 culicivoras
  A vampire (D:13)
  A wraith (D:13)
  9 yaks
  A hog (D:12)
  A human (D:14)
  16 redbacks
  A warg (Orc:2)
  4 vampire mosquitoes (D:12)
  2 orc warriors
  An ogre (D:15)
  2 wolves (Lair:1)
  A phantom (D:5)
  An earth elemental (Elf:1)
  10 killer bees (Lair:2)
  3 orc priests
  An orc wizard (D:6)
  8 orcs
139 creatures vanquished.

Vanquished Creatures (others)
  A very ugly thing zombie (D:15)
  An emperor scorpion zombie (Spider:2)
  4 wolf spider zombies
  A jorogumo zombie (Spider:1)
  A will-o-the-wisp (Swamp:2)
  A steelbarb worm zombie (Spider:3)
  2 orb spider zombies
  12 redback zombies
  2 bloated husks
  2 demonic crawler zombies
  A boulder beetle zombie (Spider:3)
  2 sun moth zombies
  5 culicivora zombies
  2 tarantella zombies
  2 meliai zombies (Spider:4)
  8 jumping spider zombies
  A human (D:14)
  6 human zombies
  2 swamp worms
  A two-headed ogre zombie (D:15)
  8 elf zombies (Elf:1)
  A torpor snail zombie (Spider:4)
  A hell hound zombie (Orc:2)
  2 warg zombies (Orc:2)
  2 ogre zombies
  28 orc zombies
  5 fire vortices
  12 foxfires
116 creatures vanquished.

Grand Total: 1323 creatures vanquished

Notes
Turn   | Place    | Note
-------+----------+-------------------------------------------
     0 | D:1      | GeoRichter the Demonspawn Ice Elementalist began the quest
                  | for the Orb.
     0 | D:1      | Reached XP level 1. HP: 13/13 MP: 3/3
   241 | D:1      | Gained mutation: You are partially covered in slimy green
                  | scales. (AC +2) [demonic ancestry]
   241 | D:1      | Reached XP level 2. HP: 19/19 MP: 0/5
  1241 | D:2      | Gained mutation: You are partially covered in sharp spines.
                  | [demonic ancestry]
  1241 | D:2      | Reached XP level 3. HP: 24/24 MP: 1/6
  1252 | D:1      | Learned a level 3 spell: Frozen Ramparts
  1878 | D:3      | Noticed Jessica
  1880 | D:3      | Killed Jessica
  1881 | D:3      | Reached skill level 5 in Ice Magic
  1881 | D:3      | Gained mutation: A weak demonic guardian rushes to your
                  | aid. [demonic ancestry]
  1881 | D:3      | Reached XP level 4. HP: 20/30 MP: 5/7
  2120 | D:3      | Found Weff's General Store.
  2138 | D:3      | Bought a potion of brilliance for 40 gold pieces
  2138 | D:3      | Bought a scroll of identify for 20 gold pieces
  2194 | D:3      | Learned a level 3 spell: Ozocubu's Armour
  2258 | D:3      | Noticed Grinder
  2298 | D:3      | Paralysed by Grinder for 2 turns
  2302 | D:3      | Killed Grinder
  2303 | D:3      | Reached XP level 5. HP: 7/35 MP: 4/10
  2303 | D:3      | Gained mutation: A demonic guardian rushes to your aid.
                  | [demonic ancestry]
  2303 | D:3      | Reached XP level 6. HP: 8/41 MP: 4/11
  2759 | D:4      | Found a runed translucent door.
  2760 | D:4      | Noticed Crazy Yiuf
  2987 | D:4      | Found a runed translucent gate.
  2987 | D:4      | Found a runed translucent gate.
  2988 | D:4      | Found a runed translucent gate.
  2992 | D:4      | Noticed zxspectator's ghost (amateur GrFi)
  3030 | D:4      | Found a staircase to the Ecumenical Temple.
  3053 | D:4      | Noticed Duvessa
  3213 | D:4      | Killed Duvessa
  3214 | D:4      | Reached XP level 7. HP: 37/46 MP: 6/13
  3270 | D:4      | Noticed Robin
  3274 | D:4      | Killed Robin
  3291 | Temple   | Entered the Ecumenical Temple
  3300 | Temple   | Became a worshipper of Sif Muna the Loreminder
  3526 | D:4      | Noticed Dowan
  3535 | D:4      | Killed Dowan
  3921 | D:5      | Entered Level 5 of the Dungeon
  4143 | D:5      | HP: 2/46 [ice beast (12)]
  4542 | D:5      | Reached XP level 8. HP: 30/52 MP: 10/14
  5061 | D:5      | Reached * piety under Sif Muna
  5483 | D:6      | Found Hooges's Weapon Shop.
  5505 | D:6      | Reached skill level 1 in Fighting
  5505 | D:6      | Reached skill level 1 in Invocations
  5819 | D:6      | Found a runed translucent gate.
  5819 | D:6      | Found a runed translucent gate.
  5819 | D:6      | Found a runed translucent gate.
  5889 | D:6      | Reached XP level 9. HP: 61/64 MP: 13/15
  5938 | D:6      | Found an opulent altar of Gozag.
  5952 | D:6      | Noticed sonasty's ghost (amateur DEFE)
  5994 | D:6      | You fall into a shaft and drop 2 floors!
  6168 | D:6      | Bought a +4 spear of venom for 281 gold pieces
  6446 | D:7      | Reached ** piety under Sif Muna
  6612 | D:7      | Reached skill level 5 in Spellcasting
  6839 | D:7      | Found Diukhlig's General Store.
  6847 | D:7      | Bought a potion of curing for 36 gold pieces
  7046 | D:8      | Reached skill level 5 in Fighting
  7162 | D:8      | Reached skill level 5 in Invocations
  7251 | D:8      | Noticed a troll
  7265 | D:8      | Killed a troll
  7420 | D:8      | Found Luit Jafokung's Armour Emporium.
  7749 | D:9      | Noticed a troll
  7760 | D:9      | Killed a troll
  7761 | D:9      | Reached XP level 10. HP: 64/79 MP: 10/18
  7802 | D:9      | Reached *** piety under Sif Muna
  7889 | D:9      | Identified the +0 scimitar of Hoggocs {pain, rPois Str+2}
  7926 | D:9      | Noticed a sixfirhy
  8527 | D:10     | Entered Level 10 of the Dungeon
  8611 | D:10     | Noticed a gargoyle
  8629 | D:10     | Killed a gargoyle
  8784 | D:10     | Reached skill level 10 in Fighting
  8809 | D:10     | Found a snail-covered altar of Cheibriados.
  8810 | D:10     | Found an ancient bone altar of Kikubaaqudgha.
  8916 | D:10     | Noticed a wolf spider
  8916 | D:10     | Noticed a centaur warrior
  8920 | D:10     | Noticed a tengu warrior
  8921 | D:10     | Noticed a deep elf pyromancer
  8924 | D:10     | Noticed a manticore
  9021 | D:10     | Noticed Sonja
  9025 | D:10     | Killed Sonja
  9026 | D:10     | Gained mutation: You are mostly covered in slimy green
                  | scales. (AC +3) [demonic ancestry]
  9026 | D:10     | Reached XP level 11. HP: 92/92 MP: 17/19
  9198 | D:10     | Noticed a two-headed ogre
  9213 | D:10     | Killed a two-headed ogre
  9246 | D:10     | Found a burning altar of Makhleb.
  9474 | D:10     | Reached skill level 10 in Invocations
  9934 | D:11     | Noticed a two-headed ogre
  9946 | D:11     | Killed a two-headed ogre
 10127 | D:11     | Found a staircase to the Lair.
 10127 | D:11     | Noticed Fannar
 10151 | D:11     | Killed Fannar
 10515 | D:11     | Identified the +1 robe of the Glamorous Tick {rF+ Int+3
                  | Archmagi}
 10712 | D:11     | Noticed a two-headed ogre
 10732 | D:11     | Killed a two-headed ogre
 10732 | D:11     | Reached **** piety under Sif Muna
 10733 | D:11     | Reached skill level 1 in Evocations
 11015 | Lair:1   | Entered Level 1 of the Lair of Beasts
 11666 | Lair:1   | Found a transporter.
 11668 | Lair:1   | Found a transporter.
 11668 | Lair:1   | Noticed a boulder beetle
 11806 | Lair:1   | Killed a boulder beetle
 12101 | Lair:1   | Gained mutation: A powerful demonic guardian rushes to your
                  | aid. [demonic ancestry]
 12101 | Lair:1   | Reached XP level 12. HP: 88/99 MP: 18/22
 12154 | Lair:1   | Reached skill level 10 in Ice Magic
 12480 | Lair:2   | Noticed a catoblepas
 12543 | Lair:2   | Killed a catoblepas
 12650 | Lair:2   | Noticed a six-headed hydra
 12658 | Lair:2   | Killed a six-headed hydra
 12682 | Lair:2   | Noticed a boulder beetle
 12702 | Lair:2   | Killed a boulder beetle
 12955 | Lair:2   | Found an ornate altar of the Wu Jian Council.
 12955 | Lair:2   | Found a hide-covered altar of Uskayaw.
 13164 | Lair:2   | Found a staircase to the Swamp.
 13814 | Lair:2   | Identified a scroll of acquirement
 13814 | Lair:2   | Acquired the Volume of Phantasms and the Zephyr
 13842 | Lair:3   | Reached ***** piety under Sif Muna
 13842 | Lair:3   | Received a gift from Sif Muna
 13843 | Lair:3   | Got Sif Muna's Exposition on the Numb Impact {god gift}
 13980 | Lair:3   | Reached skill level 1 in Fire Magic
 14126 | Lair:3   | Noticed a death yak
 14126 | Lair:3   | Noticed a death yak
 14144 | Lair:3   | Killed a death yak
 14145 | Lair:3   | Reached skill level 2 in Fire Magic
 14145 | Lair:3   | Killed a death yak
 14503 | Lair:3   | Found a hole to the Spider Nest.
 14629 | Lair:3   | Noticed a death yak
 14629 | Lair:3   | Noticed a death yak
 14630 | Lair:3   | Noticed a death yak
 14631 | Lair:3   | Noticed a death yak
 14638 | Lair:3   | Noticed a death yak
 14639 | Lair:3   | Noticed a death yak
 14645 | Lair:3   | Killed a death yak
 14646 | Lair:3   | Reached skill level 5 in Conjurations
 14646 | Lair:3   | Reached skill level 3 in Fire Magic
 14646 | Lair:3   | Gained mutation: You have a pair of small horns on your
                  | head. [demonic ancestry]
 14646 | Lair:3   | Reached XP level 13. HP: 89/105 MP: 23/23
 15199 | Lair:4   | Reached skill level 4 in Fire Magic
 15483 | Lair:4   | Learned a level 5 spell: Freezing Cloud
 15489 | Lair:4   | Learned a level 5 spell: Fireball
 15780 | Lair:4   | Reached skill level 5 in Fire Magic
 16456 | Lair:4   | Reached skill level 6 in Fire Magic
 16713 | Lair:5   | Entered Level 5 of the Lair of Beasts
 16789 | Lair:5   | Reached skill level 10 in Conjurations
 16982 | Lair:5   | Gained mutation: You have a pair of horns on your head.
                  | [demonic ancestry]
 16982 | Lair:5   | Reached XP level 14. HP: 98/111 MP: 21/24
 17006 | Lair:5   | Received a gift from Sif Muna
 17025 | Lair:5   | Got Sif Muna's Omnibus of Cadavers and Metal {god gift}
 17286 | Lair:5   | Found a staircase to the Slime Pits.
 17361 | Lair:5   | Reached skill level 7 in Fire Magic
 18309 | Lair:5   | Reached skill level 8 in Fire Magic
 18598 | Lair:5   | Found a large runed translucent door.
 18599 | Lair:5   | Found a large runed translucent door.
 18735 | Lair:5   | Reached skill level 5 in Dodging
 18866 | Lair:5   | Learned a level 4 spell: Animate Dead
 19032 | D:12     | Found a staircase to the Orcish Mines.
 19077 | D:12     | Received a gift from Sif Muna
 19078 | D:12     | Got Sif Muna's Parchment of Igneous Putrescence {god gift}
 19092 | D:12     | Reached skill level 1 in Necromancy
 20156 | D:12     | Noticed Kirke
 20162 | D:12     | Killed Kirke
 20223 | D:12     | Noticed an angel
 20441 | Orc:1    | Entered Level 1 of the Orcish Mines
 20452 | Orc:1    | Reached skill level 5 in Necromancy
 20870 | Orc:2    | Entered Level 2 of the Orcish Mines
 20893 | Orc:2    | Noticed Josephine
 20893 | Orc:2    | Received a gift from Sif Muna
 20895 | Orc:2    | Found Ecvikh's Armour Emporium.
 20899 | Orc:2    | Killed Josephine
 20903 | Orc:2    | Found Nikly's Magic Scroll Shop.
 20908 | Orc:2    | Reached XP level 15. HP: 66/117 MP: 5/25
 20924 | Orc:2    | Your ally Josephine died
 21170 | Orc:2    | Upgraded the game from 0.30.1-3-gfc49f6343a to
                  | 0.30.1-4-g462c640d31
 21536 | Orc:2    | Bought a scroll of enchant armour for 105 gold pieces
 21552 | Orc:2    | Found a staircase to the Elven Halls.
 21729 | Orc:2    | Found Tih Irar's Assorted Antiques.
 21845 | Orc:2    | Bought a potion of curing for 78 gold pieces
 21845 | Orc:2    | Bought a scroll of summoning for 247 gold pieces
 21851 | Orc:2    | Found Ixkaycub's Distillery.
 21966 | Orc:2    | Bought a potion of heal wounds for 85 gold pieces
 21966 | Orc:2    | Bought a potion of magic for 136 gold pieces
 21966 | Orc:2    | Bought a potion of heal wounds for 85 gold pieces
 21966 | Orc:2    | Bought a potion of brilliance for 68 gold pieces
 21966 | Orc:2    | Bought a potion of brilliance for 68 gold pieces
 21991 | Orc:2    | Noticed Azrael
 21999 | Orc:2    | Received a gift from Sif Muna
 22000 | Orc:2    | Killed Azrael
 22003 | Orc:2    | Got Sif Muna's Elucidation of Anthracomancy {god gift}
 23429 | D:13     | Noticed Rupert
 23440 | D:13     | Killed Rupert
 23441 | D:13     | Reached skill level 9 in Fire Magic
 23722 | D:13     | Noticed Erolcha
 23749 | D:13     | Killed Erolcha
 24643 | D:13     | Learned a level 8 spell: Ignition
 24924 | D:14     | Reached skill level 10 in Fire Magic
 25120 | D:14     | Found a gate to the Vaults.
 25425 | D:14     | Identified the +1 rapier "Fed Yxzu" {venom, rF- Int+4
                  | Stlth+}
 25576 | D:14     | Found a runed translucent door.
 25903 | D:14     | Received a gift from Sif Muna
 26054 | D:15     | Entered Level 15 of the Dungeon
 26202 | D:15     | Reached skill level 11 in Fire Magic
 26591 | D:15     | Reached XP level 16. HP: 78/124 MP: 2/29
 27526 | D:15     | Reached ****** piety under Sif Muna
 27678 | D:15     | Received a gift from Sif Muna
 27680 | D:15     | Got Sif Muna's Folio of the Fifth Circle {god gift}
 27700 | D:15     | Reached skill level 12 in Fire Magic
 27740 | D:15     | Found a staircase to the Depths.
 27983 | Swamp:1  | Entered Level 1 of the Swamp
 28137 | Swamp:1  | Noticed a thorn hunter
 28143 | Swamp:1  | Killed a thorn hunter
 29093 | Swamp:2  | Noticed Donald
 29101 | Swamp:2  | Killed Donald
 29494 | Swamp:2  | Reached skill level 10 in Spellcasting
 29951 | Swamp:3  | Reached skill level 13 in Fire Magic
 30229 | Swamp:3  | Noticed Bai Suzhen
 30244 | Swamp:3  | Killed Bai Suzhen
 31347 | Swamp:4  | Entered Level 4 of the Swamp
 32255 | Swamp:4  | Reached skill level 14 in Fire Magic
 32443 | Swamp:4  | Received a gift from Sif Muna
 32511 | Swamp:4  | Got a decaying rune of Zot
 32819 | Spider:1 | Entered Level 1 of the Spider Nest
 32822 | Spider:1 | Noticed Frances
 32834 | Spider:1 | Killed Frances
 33286 | Spider:1 | Gained mutation: You are mostly covered in sharp spines.
                  | [demonic ancestry]
 33286 | Spider:1 | Reached XP level 17. HP: 33/127 MP: 7/32
 33568 | Spider:1 | Identified the +1 arbalest of Affitem {flame, rC+ rN+ Will+
                  | Str-2}
 33739 | Spider:1 | Noticed Nikola
 33770 | Spider:1 | Killed Nikola
 34658 | Spider:2 | Noticed Jorgrun
 34662 | Spider:2 | Reached skill level 15 in Fire Magic
 34665 | Spider:2 | Killed Jorgrun
 35100 | Spider:2 | You fall into a shaft and drop 1 floor!
 35976 | Spider:3 | Found the +11 Singing Sword {sonic wave}
 36245 | Spider:3 | Found a large runed translucent door.
 36245 | Spider:3 | Found a large runed translucent door.
 36248 | Spider:3 | Noticed Qyadack's ghost (adept HOFi)
 36266 | Spider:3 | Reached skill level 16 in Fire Magic
 36549 | Spider:3 | Reached skill level 1 in Shields
 37233 | Spider:4 | Entered Level 4 of the Spider Nest
 37528 | Spider:4 | Found a frozen archway.
 37544 | IceCv    | Entered an ice cave
 37881 | IceCv    | Received a gift from Sif Muna
 37963 | IceCv    | Got Sif Muna's Incunable of Wildfire and Violence {god
                  | gift}
 38046 | IceCv    | Found the +4 skin of Zhor {*Englaciate rC+++ SInv}
 38095 | IceCv    | Found an ancient bone altar of Kikubaaqudgha.
 38291 | IceCv    | Noticed a lich
 38298 | IceCv    | Killed a lich
 38352 | IceCv    | HP: 2/130 [white very ugly thing (19)]
 38355 | IceCv    | Reached XP level 18. HP: 3/136 MP: 29/34
 38833 | IceCv    | Learned a level 5 spell: Iskenderun's Battlesphere
 38973 | IceCv    | Identified the ring of Kohac {rN+ Will+}
 39101 | Spider:4 | Reached skill level 17 in Fire Magic
 39924 | Spider:4 | Identified the +3 scale mail of the Inquisitive Stars
                  | {rElec rCorr Stlth+}
 40263 | Spider:4 | Identified the +6 quarterstaff of Jeurgh {flame, rPois
                  | Will+}
 40556 | Spider:4 | Paralysed by a hornet for 3 turns
 40563 | Spider:4 | Reached skill level 18 in Fire Magic
 40641 | Spider:4 | Got a gossamer rune of Zot
 41192 | Elf:1    | Entered Level 1 of the Elven Halls
 41699 | Elf:1    | Paralysed by an air elemental for 1 turns
 41721 | Elf:1    | HP: 1/138 [deep elf zephyrmancer/bolt of lightning (39)]
 41723 | Elf:1    | Killed from afar by a deep elf zephyrmancer

Illustrated notes

Levels and vault maps discovered:
D:1:      eino_arrival_cavern_d, layout_basic, minmay_shallow_snake_nest
D:2:      layout_rooms
D:3:      layout_rooms, serial_shops, shop, uniq_jessica, uniq_grinder
D:4:      layout_loops_ring, minmay_temple_entry_grid,
          gammafunk_ghost_necromancy, nrook_mini_backslash, minmay_unequal,
          uniq_crazy_yiuf_cottage, uniq_duvessa, uniq_robin
D:5:      layout_basic
D:6:      layout_cave_pools, grunt_gozag_statues, serial_shops,
          nicolae_shop_tiny_statue_garden, ebering_ghost_rock_garden
D:7:      layout_rooms, serial_shops, nicolae_shop_tiny_statue_garden
D:8:      layout_cave_pools, serial_shops, nicolae_shop_behind_doors,
          kennysheep_diamond
D:9:      layout_cave_pools
D:10:     layout_cave_pods, bloody_makhleb, mainiacjoe_overflow_catch_the_wave,
          onia_ninara_dug_in_and_dangerous, uniq_sonja
D:11:     layout_irregular_city, lair_entry_dummy, uniq_fannar
D:12:     layout_stronghold, hiddenorc2_lemuel, zin_angel, uniq_kirke
D:13:     layout_irregular_city, kennysheep_generic_room_15, uniq_erolcha,
          uniq_rupert
D:14:     layout_long_grid, ximxim_vaults_locker_room, abandoned_shop,
          lightli_church_of_beogh
D:15:     gammafunk_enter_depths_forms, layout_grid_maze,
          minmay_misc_feat_pillars, minmay_unpleasant_kobolds
Temple:   nicolae_temple_no_exploring_needed
Lair:1:   gammafunk_boulding_lane, layout_loops_ring, serial_bayou_shore_b,
          wad_woods_river_01, grunt_megastairs_3
Lair:2:   layout_gridlike, swamp_mist, special_room [special_room_bee],
          nzn_masters_of_martial_movement
Lair:3:   layout_hall_layers, dummy_spider_entry
Lair:4:   layout_roguey [special_room_mythical_zoo], serial_bayou_pond_c
Lair:5:   cheibrodos_lair_end_hotspot, layout_hall_layers,
          dpeg_slime_entry_enclosed
Swamp:1:  layout_falls_marsh, hangedman_swamp_ruin_wall, swamp_pool2,
          nicolae_swamp_trees_clearing
Swamp:2:  layout_basic_swamp, nicolae_swamp_dense_foliage, uniq_donald
Swamp:3:  layout_basic_swamp, nicolae_swamp_decorative_isthmus, swamp_pool1,
          uniq_bai_suzhen
Swamp:4:  swamp_icy, layout_basic_swamp
Spider:1: layout_spider_delve, nicolae_spider_some_kinda_spiderbox,
          uniq_frances, uniq_nikola
Spider:2: nicolae_spider_jumping_over_cracks [nicolae_spider_jumping_sub_offset,
          nicolae_spider_jumping_sub_offset, nicolae_spider_jumping_sub_rim,
          nicolae_spider_jumping_sub_shuffled],
          hangedman_spider_tarantella_strand, uniq_jorgrun
Spider:3: layout_spider_delve, ebering_ghost_disaster_area
Spider:4: spider_rune_water, portal_ice_cave_entry_ice_statue_two
Orc:1:    layout_caves
Orc:2:    st_orc_town, layout_caves, uniq_azrael, uniq_josephine
Elf:1:    nicolae_elf_arrival_no_cutting_in_line, layout_rooms, serial_shops,
          nicolae_shop_waterfront, nicolae_shop_tiny_real_fake_doors,
          nicolae_shop_real_fake_doors, minmay_elf_annihilation,
          dreamdust_princess_corridor

Skill      XL: |  1  2  3  4  5  6  7  8  9 10 11 12 13 14 15 16 17 18 |
---------------+-------------------------------------------------------+-----
Ice Magic      | 4 5 6 8 9 11 | 11.6
Spellcasting   | 3 4 5 7 9 11 12 | 12.2
Fighting       | 3 7 10 11 | 11.2
Invocations    | 3 6 9 14 | 14.0
Dodging        | 3 6 8 |  8.4
Evocations     | 3 |  3.0
Conjurations   | 5 10 12 | 12.0
Fire Magic     | 3 6 8 11 14 16 18 | 18.4
Necromancy     | 6 |  6.0
Shields        | 3 4 |  4.0
Stealth        | |  1.7

Action                     |  1- 3 |  4- 6 |  7- 9 | 10-12 | 13-15 | 16-18 || total
---------------------------+-------+-------+-------+-------+-------+-------++-------
  Melee: Dagger            |     5 |    20 |   107 |       |       |       ||   132
         Unarmed           |       |     2 |       |       |       |       ||     2
         Spear             |       |       |    68 |   158 |       |       ||   226
         Staff             |       |       |       |   162 |   521 |   218 ||   901
         Punch             |       |       |       |     6 |    10 |     1 ||    17
         Headbutt          |       |       |       |       |   151 |    47 ||   198
  Throw: Dart              |       |     2 |     2 |     2 |       |       ||     6
   Cast: Freeze            |    53 |    29 |    15 |     3 |       |       ||   100
         Frozen Ramparts   |       |     9 |    44 |    82 |    75 |     5 ||   215
         Ozocubu's Armour  |       |     2 |    21 |    49 |    35 |    15 ||   122
         Fireball          |       |       |       |       |    75 |   351 ||   426
         Freezing Cloud    |       |       |       |       |    95 |    77 ||   172
         Animate Dead      |       |       |       |       |    13 |    16 ||    29
         Fire Storm        |       |       |       |       |       |     4 ||     4
         Ignition          |       |       |       |       |       |     1 ||     1
         Iskenderun's Batt |       |       |       |       |       |     1 ||     1
 Invoke: Channel Magic     |       |       |       |       |     1 |    11 ||    12
         Divine Exegesis   |       |       |       |       |       |     5 ||     5
  Evoke: Wand              |       |     3 |    10 |    14 |     1 |     3 ||    31
         Box of beasts     |       |       |       |       |     3 |     1 ||     4
    Use: Scroll            |     3 |     1 |     1 |    17 |     8 |     7 ||    37
         Potion            |       |       |     1 |     2 |     7 |    18 ||    28
   Stab: Sleeping          |     3 |       |     1 |       |       |       ||     4
         Paralysed         |       |       |       |     1 |       |       ||     1
         Distracted        |       |       |       |       |     2 |     2 ||     4
         Invisible         |       |       |       |       |       |     1 ||     1
 Armour: Robe              |    12 |    13 |    48 |       |   265 |   143 ||   481
         Acid dragon scale |       |       |    10 |   207 |     4 |       ||   221
         Skin              |       |       |       |     5 |       |     7 ||    12
         Animal skin       |       |       |       |       |       |    71 ||    71
  Dodge: Dodged            |    28 |    13 |    91 |   215 |   364 |   236 ||   947
  Block: Buckler           |       |       |       |       |       |    50 ||    50
